 Dungeon Crawl Stone Soup version 0.19-a0-1912-g48530cd (webtiles) character file.

181 Firecrotchwizard the Skirmisher (level 5, -19/34 HPs)
             Began as a Gargoyle Fighter on Dec 15, 2016.
             Was an Initiate of Okawaru.
             Demolished by an ogre
             ... wielding a +0 giant spiked club
              (25 damage)
             ... on level 4 of the Dungeon.
             The game lasted 00:06:04 (2903 turns).

Firecrotchwizard the Skirmisher (Gargoyle Fighter)  Turns: 2903, Time: 00:06:04

Health: -19/34     AC: 15    Str: 19    XL:     5   Next: 61%
Magic:  5/5        EV:  5    Int:  9    God:    Okawaru [......]
Gold:   96         SH:  9    Dex: 10    Spells: 4/4 levels left

rFire  . . .     SeeInvis .     a - +0 flail
rCold  . . .     Faith    .     u - +0 chain mail
rNeg   + + .     Spirit   .     c - +0 shield
rPois  ∞         Reflect  .     m - +0 helmet
rElec  +                        x - +0 cloak
rCorr  .                        (no gloves)
MR     .....                    (no boots)
Stlth  ..........               (no amulet)
                                w - ring of poison resistance
                                g - ring of positive energy

@: no status effects
A: negative energy resistance 1, electricity resistance, unbreathing,
petrification resistance, rot immunity, AC +4
a: Renounce Religion


You were on level 4 of the Dungeon.
You worshipped Okawaru.
Okawaru was noncommittal.
You were not hungry.

You visited 2 branches of the dungeon, and saw 5 of its levels.

You collected 96 gold pieces.

Inventory:

Hand Weapons
 a - a +0 flail (weapon)
Armour
 b - a +0 scale mail
 c - a +0 shield (worn)
 m - a +0 helmet (worn)
 u - a +0 chain mail (worn)
 x - a +0 cloak (worn)
Jewellery
 g - a ring of positive energy (left hand)
 w - a ring of poison resistance (right hand)
Wands
 d - a wand of paralysis (6/24)
 s - a wand of lightning (6/15)
Scrolls
 e - a scroll of random uselessness {unknown}
 f - 3 scrolls of identify {unknown}
 h - 4 scrolls of teleportation {unknown}
 i - a scroll of enchant weapon {unknown}
 k - a scroll of remove curse {unknown}
 n - a scroll of amnesia {unknown}
 r - a scroll of recharging {unknown}
 t - a scroll of fear {unknown}
Potions
 j - a potion of agility {unknown}
 l - a potion of flight {unknown}
 o - 2 potions of lignification {unknown}
 p - a potion of berserk rage {unknown}
 q - a potion of brilliance {unknown}
 v - 2 potions of might


   Skills:
 * Level 4.8 Fighting
 * Level 3.6 Maces & Flails
 + Level 3.8 Armour
 + Level 4.1 Shields


You had 4 spell levels left.
You didn't know any spells.

Dungeon Overview and Level Annotations

Branches:
Dungeon (4/15)             Temple (1/1) D:3
   Lair: D:-1         Crypt: Vaults:-1     Tomb: Vaults:-1

Altars:
Cheibriados
Dithmenos
Elyvilon
Fedhas
Gozag
Hepliaklqana
Kikubaaqudgha
Makhleb
Okawaru
Qazlal
Ru
Sif Muna
Trog
Uskayaw
Vehumet
Xom
The Shining One


Innate Abilities, Weirdness & Mutations

You are resistant to torment.
Your stone body is resilient. (AC +4)
You are immune to poison.
You resist negative energy. (rN+)
You are resistant to electric shocks. (rElec)
You can survive without breathing.
You are immune to petrification.
You are immune to rotting.


Message History

Aim: an ogre, wielding a giant spiked club
Okay, then.
Found 17 gold pieces.
The ogre hits you with a giant spiked club (7)!
You sock the ogre (12)!
The ogre is heavily wounded.
The ogre hits you with a giant spiked club (8)!
Your shield and chain mail prevent you from hitting the ogre.
The ogre is heavily wounded.
The ogre hits you with a giant spiked club (14)!
* * * LOW HITPOINT WARNING * * *
You are too injured to fight recklessly!
You barely miss the ogre.
The ogre is heavily wounded.
You block the ogre's attack.
You closely miss the ogre.
The ogre is heavily wounded.
The ogre hits you with a giant spiked club (25)!!
Ouch! That really hurt!
You die...

######## ..
#......########..
+................
#................
########.......?........
........................
.....................$..
................@.....#
.........<.......O....#
........######........#
#+#.....#....+........#
+.....'....#........#
#.....#....##+#######
#.....#....#
###.....#....#
........#....#


You could see an ogre.

Vanquished Creatures
  An iguana (D:4)
  Ijyb (D:3)
  3 adders
  3 oozes
  2 dart slugs
  4 leopard geckos
  4 orcs (D:3)
  4 giant cockroaches
  6 goblins
  8 hobgoblins
  13 jackals (D:3)
  A quokka (D:3)
  8 bats
  4 frilled lizards
  8 kobolds
  5 rats
75 creatures vanquished.

Notes
Turn   | Place    | Note
-------+----------+-------------------------------------------
     0 | D:1      | Firecrotchwizard the Gargoyle Fighter began the quest for the Orb.
     0 | D:1      | Reached XP level 1. HP: 14/14 MP: 1/1
    35 | D:1      | Reached XP level 2. HP: 18/19 MP: 2/2
   278 | D:1      | Reached XP level 3. HP: 24/24 MP: 3/3
  1165 | D:2      | Reached XP level 4. HP: 12/29 MP: 4/4
  1505 | D:2      | Found a bloodstained altar of Trog.
  1831 | D:3      | Noticed Ijyb
  1843 | D:3      | Paralysed by Ijyb for 5 turns
  1849 | D:3      | Paralysed by Ijyb for 2 turns
  1851 | D:3      | Killed Ijyb
  1851 | D:3      | Reached XP level 5. HP: 33/34 MP: 5/5
  1905 | D:3      | Found a shadowy altar of Dithmenos.
  2094 | D:3      | Found a staircase to the Ecumenical Temple.
  2103 | Temple   | Entered the Ecumenical Temple
  2175 | Temple   | Became a worshipper of Warmaster Okawaru
  2321 | D:3      | Found a radiant altar of Vehumet.
  2896 | D:4      | Noticed an ogre
  2903 | D:4      | Demolished by an ogre

Vault maps used:
D:1:      erik_arrival_gehennom, serial_forest,
          infiniplex_forest_clump_diagonal, infiniplex_forest_clump_cross,
          infiniplex_forest_diagonal, infiniplex_forest_lined_room_3,
          infiniplex_forest_straight_3, infiniplex_forest_clump_double,
          serial_bayou_lake_a
D:2:      bloody_trog
D:3:      old_standard_altar, lemuel_round_altar, uniq_iyjb
D:4:      first_bread
Temple:   eino_temple_rhombus

Skill      XL: |  1  2  3  4  5 |
---------------+----------------+-----
Fighting       | 4 |  4.8
Maces & Flails | 3 |  3.6
Shields        | 4 |  4.1
Armour         | |  3.8

Action                   |  1- 3 |  4- 6 || total
-------------------------+-------+-------++-------
Melee: Flail             |   133 |   144 ||   277
  Use: Potion            |       |     1 ||     1
Armor: Scale mail        |    72 |    86 ||   158
       Chain mail        |       |    37 ||    37
Dodge: Dodged            |    60 |    49 ||   109
Block: Shield            |    66 |    83 ||   149
